 Dungeon Crawl Stone Soup version 0.28-a0-1002-gf00fe891ef (webtiles) character file.

Game seed: 17065603338422443199

75 fragbeetle the Covered (level 4, -1/40 HPs)
             Began as a Minotaur Fighter on Dec 7, 2021.
             Killed from afar by Dowan (6 damage)
             ... with a shard of ice
             ... on level 4 of the Dungeon.
             The game lasted 00:04:54 (1802 turns).

fragbeetle the Covered (Minotaur Fighter)           Turns: 1802, Time: 00:04:55

Health: -1/40      AC:  8    Str: 20    XL:     4   Next: 11%
Magic:  3/3        EV:  9    Int:  7    God:
Gold:   34         SH:  4    Dex: 10    Spells: 2/3 levels left

rFire   . . .      SeeInvis .   a - +0 war axe
rCold   . . .      Faith    .   c - +0 buckler
rNeg    . . .      Spirit   .   b - +0 scale mail
rPois   .          Reflect  .   (helmet restricted)
rElec   .          Harm     .   k - +0 cloak
rCorr   .          Rampage  .   (no gloves)
Will    .....                   (no boots)
Stlth   ..........              (no amulet)
HPRegen 0.13/turn               (no ring)
MPRegen 0.08/turn               (no ring)

@: mighty
A: horns 2, retaliatory headbutt
a: no special abilities


You were on level 4 of the Dungeon.
You visited 1 branch of the dungeon, and saw 5 of its levels.

You collected 76 gold pieces.
You spent 42 gold pieces at shops.

Inventory:

Hand Weapons
 a - a +0 war axe (weapon)
Armour
 b - a +0 scale mail (worn)
 c - a +0 buckler (worn)
 k - a +0 cloak (worn)
Wands
 o - a wand of polymorph (9)
Scrolls
 e - a scroll of holy word {unknown}
 g - a scroll of torment {unknown}
 j - a scroll of teleportation {unknown}
Potions
 f - 3 potions of haste {unknown}
 h - 2 potions of flight
 i - a potion of curing {unknown}
 l - a potion of mutation {unknown}
 m - a potion of degeneration {unknown}
 n - a potion of resistance {unknown}


   Skills:
 + Level 4.1 Fighting
 + Level 3.7 Axes
 + Level 4.4 Armour
 - Level 0.1 Dodging
 + Level 4.2 Shields


You had 2 spell levels left.
You knew the following spells:

 Your Spells              Type           Power      Damage    Failure   Level
a - Foxfire               Conj/Fire      0%         2x1d4     77%         1

Your spell library contained the following spells:

 Spells                   Type           Power      Damage    Failure   Level
 Conjure Flame            Conj/Fire      0%         6-21      98%         3
 Inner Flame              Hex/Fire       0%         N/A       98%         3
 Flame Wave               Conj/Fire      0%         2d4       100%        4


Dungeon Overview and Level Annotations

Branches:
Dungeon (5/15)             Temple (0/1) D:4

Altars:
Cheibriados
Fedhas
Uskayaw

Shops:
D:2 *

Annotations:
D:4 Dowan


Innate Abilities, Weirdness & Mutations

You have a pair of horns on your head.
You reflexively headbutt those who attack you in melee.


Message History

You see here 13 gold pieces.
Dowan, Brother of Duvessa comes into view.
He is wielding a +0 dagger.
You hit Duvessa but do no damage. Duvessa hits you with a +0 rapier.
You slash Duvessa! You headbutt Duvessa.
Duvessa is moderately wounded.
You block Duvessa's attack.
Dowan gestures wildly while chanting.
Dowan blinks!
You hit Duvessa.
Duvessa is heavily wounded.
You closely miss Dowan. Duvessa hits you with a +0 rapier.
Dowan hits you but does no damage.
You feel very mighty all of a sudden. Duvessa barely misses you.
Dowan hits you with a +0 dagger.
You closely miss Duvessa.
Duvessa is heavily wounded.
You hit Dowan. Duvessa hits you with a +0 rapier.
Dowan hits you with a +0 dagger. You block Duvessa's attack.
Dowan points at you and mumbles some strange words.
The puff of flame hits you.
You hit Duvessa.
Duvessa is severely wounded.
You miss Dowan. Duvessa hits you with a +0 rapier!
* * * LOW HITPOINT WARNING * * *
Dowan barely misses you.
You hit Duvessa. Your headbutt misses Duvessa.
Duvessa is severely wounded.
You slash Dowan! Duvessa barely misses you. You furiously retaliate!
You headbutt Duvessa. Dowan casts a spell at you. The puff of frost hits you.
* * * LOW HITPOINT WARNING * * *
You slice Duvessa!!
You kill Duvessa!
Dowan's eyes darken. "You have made a black mistake."
Dowan seems to find hidden reserves of power!
You slash Dowan! Dowan gestures at you while chanting.
The shard of ice hits you.
You die...

...........#
............ .#
...........## .#
[..........# .# . ....#
.####.#
.....####.......
#.....<......#
##....$........ .#
##......@)#....
...#####........e....?.
##....#..#......#.#.###
#.......#.....###.# ..
#...........###...# ..
#......)..#........#
###....#....##..>..##
.........)...#.......
.............##.(.###


You could see Dowan (fast).

Vanquished Creatures
  Duvessa (D:4)
  An adder (D:2)
  A worm (D:3)
  3 dart slugs
  5 bats
  5 endoplasms
  8 goblins
  6 hobgoblins
  3 jackals (D:3)
  2 kobolds (D:1)
  4 quokkas
  7 ball pythons
  5 frilled lizards
  2 rats (D:3)
53 creatures vanquished.

Notes
Turn   | Place    | Note
-------+----------+-------------------------------------------
     0 | D:1      | fragbeetle the Minotaur Fighter began the quest for the
                  | Orb.
     0 | D:1      | Reached XP level 1. HP: 19/19 MP: 0/0
   334 | D:1      | Reached XP level 2. HP: 26/27 MP: 1/1
   338 | D:1      | Learned a level 1 spell: Foxfire
   749 | D:2      | Found a faded altar of an unknown god.
   763 | D:2      | Found Wiazacli's General Store.
   780 | D:2      | Bought a potion of flight for 42 gold pieces
   893 | D:2      | Reached XP level 3. HP: 33/33 MP: 2/2
  1301 | D:3      | Noticed a +0 hand axe
  1302 | D:3      | Noticed a +0 dagger
  1305 | D:3      | Found a hide-covered altar of Uskayaw.
  1386 | D:3      | Found a blossoming altar of Fedhas.
  1511 | D:3      | Found a snail-covered altar of Cheibriados.
  1623 | D:3      | Noticed an ice beast
  1650 | D:3      | Reached XP level 4. HP: 35/40 MP: 3/3
  1763 | D:4      | Noticed a phantom
  1763 | D:4      | You fall into a shaft and drop 1 floor!
  1763 | D:5      | Entered Level 5 of the Dungeon
  1768 | D:4      | Found a staircase to the Ecumenical Temple.
  1791 | D:4      | Noticed Duvessa
  1794 | D:4      | Noticed Dowan
  1802 | D:4      | Killed Duvessa
  1802 | D:4      | Killed from afar by Dowan

Illustrated notes

Levels and vault maps discovered:
D:1:      dpeg_arrival_solitude, layout_basic, minivault_26
D:2:      layout_rooms, serial_shops, shop, ebering_ecumenical_altar_abandoned
D:3:      layout_rooms, overflow_temple_1_default, dancing_weapons_uskayaw,
          lemuel_tele_altar, lightli_corner_chamber
D:4:      layout_rooms, old_standard_altar,
          grunt_temple_overflow_gold_and_silver, minmay_temple_entry_slanted,
          guppyfry_shop_venom, uniq_duvessa, uniq_grinder
D:5:      layout_rooms, nicolae_overflow_crystal_walls, elyvilon_altar_3

Skill      XL: |  1  2  3 |
---------------+----------+-----
Shields        | 4 |  4.2
Armour         | 4 |  4.4
Fighting       | 4 |  4.1
Axes           | 3 |  3.7
Dodging        | |  0.1

Action                   |  1- 3 |  4- 6 || total
-------------------------+-------+-------++-------
Melee: War axe           |    92 |    13 ||   105
       Headbutt          |    11 |     1 ||    12
  Use: Potion            |       |     1 ||     1
Armor: Scale mail        |    46 |     1 ||    47
Dodge: Dodged            |    44 |     5 ||    49
Block: Buckler           |    23 |     2 ||    25

Table legend: (Time is in decaauts)
 A = Elapsed time spent in this place.
 B = Non-inter-level travel time spent in this place.
 C = Inter-level travel time spent in this place.
 D = Time resting spent in this place.
 E = Time spent auto-exploring this place.
 F = Levels seen in this place.
 G = Mean time per level.
                   A        B        C        D        E       F      G
               +--------+--------+--------+--------+--------+-----+--------+
         Total |   1838 |   1838 |      0 |      0 |   1356 |   5 |  367.6 |
       Dungeon |   1838 |   1838 |      0 |      0 |   1356 |   5 |  367.6 |
               +--------+--------+--------+--------+--------+-----+--------+

Top non-repeatable levels by time:
     D:1: 633 daAuts
     D:2: 591 daAuts
     D:3: 572 daAuts
     D:4: 39 daAuts
     D:5: 3 daAuts
